 Dungeon Crawl Stone Soup version 0.31.0-4-g52a2dc7128 (webtiles) character file.

Game seed: 17781243967551905177

1381 nightchill the Grappler (level 8, 0/78 HPs)
             Began as a Troll Shapeshifter on Jan 22, 2024.
             Was a Follower of the Shining One.
             Slain by an acid dragon (2 damage)
             ... on level 5 of the Dungeon.
             The game lasted 00:12:25 (3279 turns).

nightchill the Grappler (Troll Shapeshifter)        Turns: 3279, Time: 00:12:25

Health: 0/78       AC:  2    Str: 25    XL:     8   Next: 39%
Magic:  7/7        EV:  9    Int: 12    God:    the Shining One [*.....]
Gold:   119        SH:  0    Dex:  9    Spells: 7/7 levels left

rFire   . .          .
                       - Unarmed
rCold   . . .        (no shield)
rNeg    . . .        q - +2 robe
rPois   .            (helmet currently unavailable)
rElec   .            (cloak currently unavailable)
rCorr   .            (gloves unavailable)
SInv    .            (boots unavailable)
Will    .....        B - amulet of the acrobat
Stlth   +            p - +4 ring of slaying
HPRegen 1.13/turn    v - +6 ring of intelligence
MPRegen 0.10/turn

%: acrobat
@: beast-form, corroded, glowing
A: beast (slay +3), large, unfitting armour, claws 3, regeneration 1, shaggy fur
1, tough skin 1
a: Begin Untransformation, Renounce Religion, Divine Shield


You were on level 5 of the Dungeon.
You worshipped the Shining One.
The Shining One was aware of your devotion.
You were a hulking beast.
You visited 2 branches of the dungeon, and saw 6 of its levels.

You collected 173 gold pieces.
You spent 54 gold pieces at shops.

Inventory:

Missiles
 A - 4 darts of dispersal (quivered)
Armour
 a - a +0 animal skin
 q - a +2 robe (worn)
 u - a +0 kite shield
Jewellery
 p - a +4 ring of slaying (left claw)
 v - a +6 ring of intelligence (right claw)
 w - an amulet of regeneration
 B - an amulet of the acrobat (around neck)
 C - an amulet of reflection
Talismans
 c - a beast talisman
 d - a flux talisman
 t - a blade talisman
Scrolls
 e - 2 scrolls of vulnerability {unknown}
 f - 2 scrolls of poison {unknown}
 g - a scroll of immolation {unknown}
 h - a scroll of torment {unknown}
 i - 4 scrolls of identify {unknown}
 k - a scroll of enchant weapon {unknown}
 l - 3 scrolls of blinking {unknown}
 m - a scroll of noise {unknown}
 n - 2 scrolls of enchant armour {unknown}
 o - 6 scrolls of amnesia {unknown}
 r - 2 scrolls of teleportation {unknown}
 y - a scroll of revelation {unknown}
 D - a scroll of fear {unknown}
Potions
 b - 2 potions of lignification
 j - a potion of resistance {unknown}
 s - a potion of haste {unknown}
 x - a potion of ambrosia {unknown}
 z - a potion of brilliance {unknown}
 E - a potion of heal wounds {unknown}


   Skills:
 + Level 4.2 Fighting
 - Level 1.5 Dodging
 * Level 8.0 Unarmed Combat
 + Level 5.5 Shapeshifting


You had 7 spell levels left.
You didn't know any spells.
Your spell library contained the following spells:

 Spells                   Type           Power      Damage    Failure   Level
 Slow                     Hex            0%         N/A       32%         1
 Static Discharge         Conj/Air       0%         3-3/arc   45%         2
 Confusing Touch          Hex            0%         N/A       69%         3
 Inner Flame              Hex/Fire       0%         N/A       69%         3
 Sigil of Binding         Hex            0%         N/A       69%         3
 Vampiric Draining        Necr           0%         2d6       69%         3
 Airstrike                Air            0%         2d(0-16)  97%         4
 Summon Lightning Spire   Summ/Air       0%         N/A       97%         4
 Irradiate                Conj/Alch      0%         3d11      100%        5
 Iskenderun's Battlesphe  Conj           0%         2d6       100%        5
 Bombard                  Conj/Erth      0%         9d1       100%        6
 Spellforged Servitor     Conj/Summ      0%         N/A       100%        7
 Ignition                 Fire           0%         3d3       100%        8


Dungeon Overview and Level Annotations

Branches:
Dungeon (5/15)             Temple (1/1) D:5

Altars:
Ashenzari
Cheibriados
Dithmenos
Elyvilon
Fedhas
Gozag
Kikubaaqudgha
Nemelex Xobeh
Okawaru
Qazlal
Ru
Sif Muna
Trog
Uskayaw
Vehumet
Wu Jian
Xom
Zin
The Shining One

Shops:
D:3 [   D:4 (


Innate Abilities, Weirdness & Mutations

You are a hulking beast.
Your limbs bulge with bestial killing power. (Slay +3)
You are too large for most types of armour.
You have claws for hands.
Your natural rate of healing is unusually fast.
You are covered in fur. (AC +1)
You have tough skin. (AC +1)


Message History

You hear a roar!
You mangle the scorpion!!
You kill the scorpion!
You see here a scorpion corpse.
You barely miss the orc. The orc barely misses you.
You mangle the orc!!
You kill the orc!
Your Unarmed Combat skill increases to level 8!
You mangle the orc!!
You kill the orc!
Items here: )) [ †.
An acid dragon comes into view.
The acid dragon spits acid at you. The splash of acid misses you.
A gnoll comes into view. It is wielding a +0 flail.
An iguana comes into view.
An orc comes into view. It is wielding a +0 club.
The gnoll shouts!
The iguana hisses angrily.
The orc shouts!
A gnoll comes into view. It is wielding a +0 whip. x2
The acid dragon spits acid at you. The splash of acid hits you!!
The acid corrodes you!
The gnoll shouts!
You hear a shout!
Items here: )) [ †.
You see here a scorpion corpse.
The iguana hisses menacingly.
The acid dragon spits acid at you. The splash of acid hits you!!
* * * LOW HITPOINT WARNING * * *
You start resting.
An acid dragon is nearby!
The acid dragon spits acid at you. The splash of acid hits you!!
* * * LOW HITPOINT WARNING * * *
You hear a shout!
You claw the acid dragon!
The acid dragon is heavily wounded.
The acid dragon bites you.
* * * LOW HITPOINT WARNING * * *
The acid dragon claws you.
You die...

..#.............#####..........#
.##..#####....#....##.##...##..#
.....# #.#######....##...##..#
..##.# #.# ##............#
####.# #.# #.†....>.....# #...#
#.# #####...........##
#...#####.####...#...##...##.#
###.............#.#...##...##.#
...........####.h.#...........#
###...(..### #D###...........#
#..###....# #l# ##.......####
#...###...###o# ....<.... #.|.#
##...#g# ...... #.#..# #..g##
...... ##..##..# #.#..# ......
.>.## #.# #.#.l##...... #### .#
#.#....#


You could see an acid dragon (catching breath), an iguana, 2 gnolls and an orc.

Vanquished Creatures
  Pikel (D:4)
  Sigmund (D:2)
  An ice beast (D:5)
  2 phantoms
  A lemure (D:4)
  A scorpion (D:5)
  2 orc priests (D:4)
  A hound (D:5)
  An iguana (D:5)
  2 sleepcaps
  An orc wizard (D:4)
  Robin (D:3)
  4 gnolls (D:3)
  8 adders
  4 dart slugs
  5 ribbon worms
  11 orcs
  6 ball pythons
  12 endoplasms
  3 giant cockroaches
  14 goblins
  13 hobgoblins
  7 jackals
  3 quokkas
  8 bats
  4 frilled lizards
  11 kobolds
  19 rats (D:3)
147 creatures vanquished.

Notes
Turn   | Place    | Note
-------+----------+-------------------------------------------
     0 | D:1      | nightchill the Troll Shapeshifter began the quest for the
                  | Orb.
     0 | D:1      | Reached XP level 1. HP: 18/18 MP: 0/0
   178 | D:1      | Reached skill level 1 in Fighting
   192 | D:1      | Reached XP level 2. HP: 27/27 MP: 1/1
   360 | D:1      | Reached XP level 3. HP: 33/33 MP: 2/2
   827 | D:2      | Reached skill level 4 in Unarmed Combat
   915 | D:2      | Reached XP level 4. HP: 41/41 MP: 3/3
  1117 | D:2      | Found a glowing golden altar of the Shining One.
  1117 | D:2      | Found a faded altar of an unknown god.
  1156 | D:2      | Noticed Sigmund
  1173 | D:2      | Killed Sigmund
  1174 | D:2      | Reached skill level 5 in Unarmed Combat
  1174 | D:2      | Reached XP level 5. HP: 36/50 MP: 4/4
  1358 | D:2      | Became a worshipper of the Shining One
  1390 | D:3      | Reached XP level 6. HP: 55/59 MP: 5/5
  1474 | D:3      | Noticed Robin
  1483 | D:3      | Killed Robin
  1540 | D:3      | Found Uriaxtof's Armour Shoppe.
  1550 | D:3      | Bought a +0 kite shield for 54 gold pieces
  2080 | D:4      | Noticed Pikel
  2101 | D:4      | Killed Pikel
  2102 | D:4      | Reached skill level 6 in Unarmed Combat
  2102 | D:4      | Reached XP level 7. HP: 40/67 MP: 6/6
  2218 | D:4      | Reached * piety under the Shining One
  2219 | D:4      | Reached skill level 7 in Unarmed Combat
  2219 | D:4      | Reached skill level 5 in Shapeshifting
  2405 | D:4      | Found Egiuff's Weapon Boutique.
  2619 | D:4      | Reached XP level 8. HP: 78/78 MP: 7/7
  2988 | D:5      | Entered Level 5 of the Dungeon
  3135 | D:5      | Found a shimmering altar of Xom.
  3169 | D:5      | Found a staircase to the Ecumenical Temple.
  3182 | Temple   | Entered the Ecumenical Temple
  3259 | D:5      | Reached skill level 8 in Unarmed Combat
  3279 | D:5      | HP: 2/78 [acid dragon (3)]
  3279 | D:5      | Slain by an acid dragon

Illustrated notes

Levels and vault maps discovered:
D:1:      minmay_arrival_three_doors, layout_loops_ring, minmay_hexomino_r4
D:2:      layout_rooms, hellmonk_ecumenical_altar_pennies_from_heaven,
          serial_rivers, chequers_serial_rivers_marsh,
          chequers_serial_rivers_large_b, chequers_serial_rivers_marsh,
          chequers_serial_rivers_marsh, chequers_serial_rivers_small_b,
          chequers_serial_rivers_micro_a, basic_altar, st_stairs_5,
          kennysheep_generic_room_13, uniq_sigmund
D:3:      layout_loops_cross, serial_shops, nicolae_diamond_shop,
          minmay_rat_hole, uniq_robin
D:4:      nicolae_cairo_tiling_large_dashed, layout_loops_cross, serial_shops,
          nicolae_shop_bloodbath_and_beyond, uniq_pikel
D:5:      layout_rooms, kennysheep_mini_moat, minmay_temple_entry_stoned_glass,
          gammafunk_ghost_cemetery, serial_shops,
          nicolae_shop_temple_entry_statues_fountains
Temple:   dpeg_three_leaves_temple

Skill      XL: |  1  2  3  4  5  6  7  8 |
---------------+-------------------------+-----
Fighting       | 1 2 3 4 |  4.2
Unarmed Combat | 4 5 6 7 8 |  8.0
Shapeshifting  | 4 5 |  5.5
Dodging        | |  1.5

Action                     |  1- 3 |  4- 6 |  7- 9 || total
---------------------------+-------+-------+-------++-------
  Melee: Unarmed           |    76 |   116 |    68 ||   260
         Punch             |       |     2 |     1 ||     3
   Stab: Sleeping          |     1 |     1 |       ||     2
 Armour: Animal skin       |    55 |     9 |       ||    64
         Robe              |       |    40 |    41 ||    81
  Dodge: Dodged            |    35 |    35 |    23 ||    93
